 Dungeon Crawl Stone Soup version 0.19.4-10-g532645f (webtiles) character file.

7739 raph the Slicer (level 11, -4/120 HPs)
             Began as a Halfling Berserker on Feb 25, 2017.
             Was a High Priest of Trog.
             Slain by a manticore (6 damage)
             ... on level 10 of the Dungeon.
             The game lasted 00:23:03 (8122 turns).

raph the Slicer (Halfling Berserker)                Turns: 8122, Time: 00:23:04

Health: -4/120     AC: 11    Str: 23    XL:     11   Next: 42%
Magic:  11/11      EV: 20    Int: 10    God:    Trog [*****.]
Gold:   414        SH:  2    Dex: 18    Spells: 0 memorised, 10 levels left

rFire  . . .     SeeInvis .     a - +6 short sword (flame)
rCold  . . .     Gourm    .     B - +0 troll leather armour
rNeg   . . .     Faith    .     (shield restricted)
rPois  .         Spirit   .     l - +0 helmet
rElec  .         Reflect  +     g - +0 cloak
rCorr  .         Harm     .     A - +0 pair of gloves
MR     .....                    (no boots)
Stlth  ..........               i - +2 amulet of reflection
                                w - +5 ring of intelligence
                                d - +2 ring of protection

@: berserking, barbed spikes, very quick
A: mutation resistance 1
a: Berserk, Trog's Hand, Brothers in Arms, Burn Spellbooks, Renounce Religion


You were on level 10 of the Dungeon.
You worshipped Trog.
Trog was extremely pleased with you.
You were very hungry.

You visited 1 branch of the dungeon, and saw 10 of its levels.
You also visited: Ossuary.

You collected 503 gold pieces.
You spent 89 gold pieces at shops.

Inventory:

Hand Weapons
 a - a +6 short sword of flaming (weapon)
 b - a +0 hunting sling
 h - a +0 short sword
 E - a +2 dagger of venom
Missiles
 s - 244 stones (quivered)
 t - 3 throwing nets
 z - 119 sling bullets
Armour
 g - a +0 cloak (worn)
 j - a +0 ring mail
 l - a +0 helmet (worn)
 v - a +3 leather armour
 A - a +0 pair of gloves (worn)
 B - a +0 troll leather armour (worn)
Jewellery
 d - a +2 ring of protection (left hand)
 i - a +2 amulet of reflection (around neck)
 w - a +5 ring of intelligence (right hand)
 y - an uncursed ring of fire
 F - a +2 ring of evasion
Wands
 e - a wand of lightning (15/15)
 n - a wand of iceblast (6/15)
 G - a wand of iceblast (9/15)
Scrolls
 p - a scroll of teleportation
 u - 6 scrolls of remove curse
 D - 9 scrolls of identify
 K - a scroll of fear
 N - a scroll of random uselessness {unknown}
Potions
 m - a potion of heal wounds
 o - 3 potions of might
 q - 2 potions of cancellation
 r - 9 potions of curing
 C - 2 potions of flight
 I - a potion of brilliance
Books
 f - a book of Frost

   Spells                             Type                      Level
   a - Freeze                         Ice                          1
   b - Throw Frost                    Conjuration/Ice              2
   c - Ozocubu's Armour               Charms/Ice                   3
   d - Throw Icicle                   Conjuration/Ice              4
   e - Summon Ice Beast               Ice/Summoning                4
   Trog disapproves of the use of such an item.
 H - a book of Misfortune

   Spells                             Type                      Level
   a - Confusing Touch                Hexes                        1
   b - Confuse                        Hexes                        3
   c - Gell's Gravitas                Hexes/Translocation          3
   d - Petrify                        Transmutation/Earth          4
   e - Metabolic Englaciation         Hexes/Ice                    5
   f - Yara's Violent Unravelling     Hexes/Transmutation          5
   Trog disapproves of the use of such an item.
 L - a book of Flames

   Spells                             Type                      Level
   a - Flame Tongue                   Conjuration/Fire             1
   b - Throw Flame                    Conjuration/Fire             2
   c - Conjure Flame                  Conjuration/Fire             3
   d - Inner Flame                    Hexes/Fire                   3
   e - Sticky Flame                   Conjuration/Fire             4
   f - Fireball                       Conjuration/Fire             5
   Trog disapproves of the use of such an item.
Comestibles
 c - 6 bread rations
 k - 3 fruits
 x - 4 meat rations
 J - 10 chunks of flesh
 M - 8 slices of pizza


   Skills:
 * Level 9.2 Fighting
 * Level 12.0 Short Blades
 - Level 4.4 Slings
 + Level 7.6 Armour
 + Level 7.9 Dodging


You had 10 spell levels left.
You didn't know any spells.

Dungeon Overview and Level Annotations

Branches:
Dungeon (10/15)            Temple (0/1) D:7
   Lair: D:8-11         Orc: D:9-12

Altars:
Qazlal

Shops:
D:6 }[!*   D:8 }


Innate Abilities, Weirdness & Mutations

You are small and have problems with some larger weapons.
You are somewhat resistant to further mutation.


Message History

Trog accepts your kill.
Your Short Blades skill increases to level 12!
You hit the big kobold. You burn the big kobold.
The big kobold is moderately wounded.
The big kobold misses you.
You barely miss the manticore. You puncture the big kobold!
You burn the big kobold!
You kill the big kobold!
Trog accepts your kill. The manticore misses you. The manticore claws you.
* * * LOW HITPOINT WARNING * * *
The manticore closely misses you.
You hit the manticore. You burn the manticore.
The manticore is lightly wounded.
You hit the manticore. You burn the manticore.
The manticore is moderately wounded.
You puncture the manticore! You burn the manticore.
The manticore is heavily wounded.
The manticore bites you.
You die...

#. .. #..## #..# ##...
#..#. .#..#. .#... ....
...... .....
...###......###....
.......###......##
.......#........# #5H.#
#..# ##
#@_.#######..####
#..#.}.#..#).#..#..#
#.........#........#
##.......###......###
......###......###.....
...... #.....)..#......
.#..#. #..#).#..#..#)..
#..## ####..#######...
#. #/.#..#.$#..#...


You could see a manticore and a crimson imp.

Vanquished Creatures
  An orc knight (D:10)
  A deep elf mage (D:9)
  A troll (D:9)
  A hippogriff (D:7)
  Sigmund (D:5)
  A wyvern (D:9)
  5 yaks
  A human (D:7)
  4 hogs (D:7)
  A water moccasin (D:9)
  Duvessa (D:7)
  5 ogres
  An orc warrior (D:7)
  2 black bears
  3 sky beasts
  6 centaurs
  A crocodile (D:9)
  3 big kobolds
  3 bullfrogs
  A wyvern zombie (D:9)
  A gnoll sergeant (D:10)
  Dowan (D:7)
  A howler monkey (D:8)
  3 wights (D:10)
  A crimson imp (D:7)
  A quasit (D:9)
  A centaur zombie (D:7)
  6 hounds
  2 orc priests
  Crazy Yiuf (D:2)
  4 centaur skeletons
  6 orc wizards
  2 gnoll shamans
  An iguana (D:7)
  2 worker ants
  7 big kobold zombies (Ossuary)
  2 hound zombies
  A mummy (Ossuary)
  A worker ant zombie (D:6)
  8 gnolls
  9 adders
  2 shadow imps
  2 oozes
  3 worms
  3 dart slugs (D:4)
  A leopard gecko (D:5)
  17 orcs
  5 spectral bats (Ossuary)
  7 bats
  8 giant cockroaches
  5 gnoll zombies (Ossuary)
  7 hobgoblins
  4 jackals (D:3)
  3 quokkas
  A ball python (D:1)
  3 bat simulacra (Ossuary)
  6 frilled lizards
  11 goblins
  4 goblin simulacra (Ossuary)
  6 goblin zombies
  8 hobgoblin zombies (Ossuary)
  A jackal skeleton (D:4)
  19 kobolds
  A kobold simulacrum (Ossuary)
  3 kobold zombies (Ossuary)
  2 orc zombies (Ossuary)
  A quokka skeleton (D:4)
  5 rats
  2 rat simulacra (Ossuary)
  4 spectral goblins (Ossuary)
  4 spectral kobolds (Ossuary)
  2 spectral rats (Ossuary)
254 creatures vanquished.

Vanquished Creatures (collateral kills)
  A hydra (D:10)
  A hill giant (D:10)
  An efreet (D:10)
  A komodo dragon (D:10)
  An ice beast (D:10)
5 creatures vanquished.

Vanquished Creatures (others)
  A bullfrog skeleton (D:10)
  A kobold (D:9)
2 creatures vanquished.

Grand Total: 261 creatures vanquished

Notes
Turn   | Place    | Note
-------+----------+-------------------------------------------
     0 | D:1      | raph the Halfling Berserker began the quest for the Orb.
     0 | D:1      | Reached XP level 1. HP: 15/15 MP: 1/1
   218 | D:1      | Reached XP level 2. HP: 15/20 MP: 2/2
   507 | D:1      | Reached skill level 4 in Short Blades
   677 | D:2      | Reached XP level 3. HP: 26/26 MP: 3/3
   685 | D:2      | Reached ** piety under Trog
   793 | D:2      | Found a runed door.
   797 | D:2      | Noticed Crazy Yiuf
   802 | D:2      | Killed Crazy Yiuf
   802 | D:2      | Reached XP level 4. HP: 31/31 MP: 4/4
  1473 | D:3      | Reached XP level 5. HP: 33/36 MP: 5/5
  1692 | D:3      | Reached skill level 5 in Short Blades
  1787 | D:4      | Reached *** piety under Trog
  2332 | D:4      | Reached skill level 1 in Slings
  2332 | D:4      | Reached XP level 6. HP: 34/43 MP: 6/6
  2552 | D:5      | Entered Level 5 of the Dungeon
  2568 | D:5      | Noticed a sky beast
  2576 | D:5      | Killed a sky beast
  2603 | D:5      | Noticed an ogre
  2612 | D:5      | Killed an ogre
  2612 | D:5      | Reached XP level 7. HP: 23/49 MP: 7/7
  2808 | D:5      | Noticed Sigmund
  2816 | D:5      | Killed Sigmund
  2816 | D:5      | Reached skill level 6 in Short Blades
  2934 | D:5      | Reached skill level 5 in Fighting
  2934 | D:5      | Reached XP level 8. HP: 55/55 MP: 8/8
  3124 | D:5      | Reached skill level 7 in Short Blades
  3474 | D:6      | Found Miwel's Antique Armour Emporium.
  3527 | D:6      | Found Vyna's Distillery.
  3576 | D:6      | Bought a potion of curing for 42 gold pieces
  3576 | D:6      | Bought a potion of degeneration for 14 gold pieces
  3735 | D:6      | Found Joynet's Gadget Shoppe.
  3890 | D:6      | Found Turoc's Assorted Antiques.
  3919 | D:6      | Bought a scroll labeled WYOGEPTULU for 33 gold pieces
  4130 | D:7      | Reached XP level 9. HP: 62/62 MP: 9/9
  4173 | D:7      | Found a staircase to the Ecumenical Temple.
  4179 | D:7      | Reached skill level 8 in Short Blades
  4185 | D:7      | Noticed Duvessa
  4185 | D:7      | Noticed Dowan
  4191 | D:7      | Killed Dowan
  4191 | D:7      | Reached **** piety under Trog
  4191 | D:7      | Reached skill level 5 in Armour
  4197 | D:7      | Killed Duvessa
  4197 | D:7      | Received a gift from Trog
  4197 | D:7      | Reached skill level 5 in Dodging
  4374 | D:7      | Noticed a hippogriff
  4384 | D:7      | Killed a hippogriff
  5274 | D:7      | Reached skill level 9 in Short Blades
  5391 | D:7      | Reached XP level 10. HP: 71/71 MP: 10/10
  5767 | D:8      | Found a sand-covered staircase.
  5777 | Ossuary  | Entered an ossuary
  5938 | Ossuary  | Received a gift from Trog
  6249 | Ossuary  | Reached ***** piety under Trog
  6353 | D:8      | Reached skill level 10 in Short Blades
  6435 | D:8      | Found Everrono's Gadget Shoppe.
  7590 | D:9      | Reached skill level 11 in Short Blades
  7706 | D:9      | Noticed a deep elf mage
  7727 | D:9      | Killed a deep elf mage
  7727 | D:9      | Reached XP level 11. HP: 77/78 MP: 11/11
  7791 | D:10     | Entered Level 10 of the Dungeon
  7804 | D:10     | Received a gift from Trog
  8050 | D:10     | Noticed a hill giant
  8051 | D:10     | Found a stormy altar of Qazlal.
  8054 | D:10     | Killed a hill giant
  8057 | D:10     | Noticed a four-headed hydra
  8061 | D:10     | Received a gift from Trog
  8065 | D:10     | Killed a five-headed hydra
  8099 | D:10     | Noticed a manticore
  8099 | D:10     | Noticed an orc knight
  8110 | D:10     | HP: 2/120 [orc knight/enchanted great sword (25)]
  8116 | D:10     | Killed an orc knight
  8116 | D:10     | Reached skill level 12 in Short Blades
  8119 | D:10     | HP: 2/120 [manticore (2)]
  8122 | D:10     | Slain by a manticore

Skill      XL: |  1  2  3  4  5  6  7  8  9 10 11 |
---------------+----------------------------------+-----
Short Blades   | 4 5 6 7 9 11 12 | 12.0
Fighting       | 3 4 5 7 8 9 |  9.2
Armour         | 3 4 6 7 |  7.6
Slings         | 1 2 3 4 |  4.4
Dodging        | 3 4 6 7 |  7.9

Action                   |  1- 3 |  4- 6 |  7- 9 | 10-12 || total
-------------------------+-------+-------+-------+-------++-------
Melee: Short sword       |    63 |    97 |   198 |   382 ||   740
 Fire: Hunting sling     |       |     3 |       |     6 ||     9
Invok: Berserk           |     1 |     2 |    11 |    12 ||    26
       Brothers in Arms  |       |       |       |     1 ||     1
  Use: Scroll            |     2 |     9 |     5 |     8 ||    24
       Potion            |       |       |     1 |       ||     1
 Stab: Sleeping          |       |       |       |     3 ||     3
  Eat: Chunk             |       |     7 |    19 |    17 ||    43
       Beef jerky        |       |       |       |     2 ||     2
Armor: Ring mail         |    21 |    28 |       |       ||    49
       Leather armour    |       |     2 |    48 |    51 ||   101
       Troll leather arm |       |       |       |    11 ||    11
Dodge: Dodged            |    34 |    53 |   127 |   211 ||   425
Block: Other             |     3 |     4 |     8 |    19 ||    34
       Reflection        |       |       |     1 |     1 ||     2
